TORONTO Maple Leafs vs COLUMBUS Blue Jackets

Created - 29 février 2024 at 16:11

Goals
1 2 3 OT1 SO T
TORONTO Maple Leafs 0 1 0 0 0 1
COLUMBUS Blue Jackets 1 0 0 0 1 2
Shots
1 2 3 OT1 SO T
TORONTO Maple Leafs 14 17 1 2 3 34
COLUMBUS Blue Jackets 10 7 11 2 3 30

1st period

1. COLUMBUS Blue Jackets , Lars Eller 6 (Andre Burakovsky 9, Neal Pionk 18) at 0:49

Penalties :
Artem Zub (TOR) for High sticking (Minor) at 0:54, Martin Fehervary (CLB) for Cross-checking (Minor) at 8:18, Blake Coleman (CLB) for Hooking (Minor) at 10:58

2nd period

2. TORONTO Maple Leafs , Vince Dunn 6 (Corey Perry 13, Nick Leddy 13) at 12:26

Penalties :
Artem Zub (TOR) for Cross-checking (Minor) at 6:42, Dmitry Orlov (CLB) for High sticking (Minor) at 10:22, Artturi Lehkonen (CLB) for Roughing (Minor) at 15:49, Calvin de Haan (CLB) for Tripping (Minor) at 18:13

3rd period

No Goal

Penalties :
Martin Fehervary (CLB) for Holding (Minor) at 3:44, Jonah Gadjovich (TOR) for Interference (Minor) at 3:44, Nick Leddy (TOR) for Roughing (Minor) at 7:36, John Marino (TOR) for Tripping (Minor) at 18:57

Overtime #1

No Goal

Penalties :
No Penalty

Shootout

TORONTO Maple Leafs, Tyler Seguin - Stopped by Thatcher Demko
COLUMBUS Blue Jackets, Artturi Lehkonen - Stopped by Matt Murray
TORONTO Maple Leafs, Corey Perry - Shot Misses the Net
COLUMBUS Blue Jackets, Anthony Cirelli - Stopped by Matt Murray
TORONTO Maple Leafs, Josh Bailey - Stopped by Thatcher Demko
COLUMBUS Blue Jackets, Blake Coleman - Goal!

Penalties :
No Penalty

Goalie Stats

Matt Murray (TOR), 29 saves from 30 shots - (0,967), OTL, 14-14-3, 65:00 minutes
Thatcher Demko (CLB), 33 saves from 34 shots - (0,971), W, 16-15-3, 65:00 minutes

Players Stats for TORONTO Maple Leafs

Player Name              G  A  P  +/- PIM S  H  SB GA TA FO     MP     PP MP  PK MP  
------------------------------------------------------------------------------------
Alex Goligoski           0  0  0   0  0   0  1  0  0  0  0/0    16:32   0:00   3:47 
Alexander Holtz          0  0  0   0  0   0  1  0  0  0  0/0     6:27   0:00   0:00 
Artem Zub                0  0  0   0  4   0  1  0  0  0  0/0    12:56   0:00   0:57 
Colin White              0  0  0  -1  0   2  1  0  0  0  0/0    19:20   4:46   0:07 
Corey Perry              0  1  1   1  0   4  3  0  0  0  0/0    23:27   5:09   4:15 
Janne Kuokkanen          0  0  0   0  0   1  0  0  0  0  0/1     6:27   0:00   0:00 
John Marino              0  0  0  -1  2   2  1  1  0  0  0/0    22:25   4:22   3:12 
Jonah Gadjovich          0  0  0   0  2   2  3  0  0  0  0/0    10:31   0:00   0:54 
Josh Bailey              0  0  0   1  0   3  0  0  0  0  0/1    21:53   5:09   1:50 
Kevin Stenlund           0  0  0   0  0   0  0  0  0  0  3/8     6:27   0:00   0:00 
Mark Jankowski           0  0  0  -1  0   1  0  1  0  0  2/6    19:37   4:46   0:24 
Nick Leddy               0  1  1  -1  2   0  1  0  0  0  0/0    21:55   4:22   2:31 
Ryan Carpenter           0  0  0   0  0   1  0  0  0  0  6/12   11:23   0:00   0:00 
Sam Lafferty             0  0  0  -1  0   4  2  0  0  0  12/23  18:55   4:46   1:50 
Shayne Gostisbehere      0  0  0   1  0   7  2  0  0  0  0/0    29:22   5:33   4:28 
Simon Holmstrom          0  0  0   0  0   0  0  0  0  0  0/0     9:38   0:00   0:00 
Tyler Seguin             0  0  0   1  0   5  2  0  0  0  20/39  25:59   5:09   5:35 
Vince Dunn               1  0  1   1  0   2  2  2  0  0  0/0    22:43   5:33   0:57 

Players Stats for COLUMBUS Blue Jackets

Player Name              G  A  P  +/- PIM S  H  SB GA TA FO     MP     PP MP  PK MP  
------------------------------------------------------------------------------------
Andre Burakovsky         0  1  1   0  0   2  0  0  0  0  1/1    13:22   0:00   0:00 
Anthony Cirelli          0  0  0   0  0   2  2  1  0  0  8/19   19:22   3:16   0:00 
Artturi Lehkonen         0  0  0   0  2   4  2  0  0  0  0/0    21:04   3:16   0:00 
Blake Coleman            0  0  0   0  2   2  4  0  0  0  0/0    20:13   3:16   2:16 
Calvin de Haan           0  0  0   0  2   0  1  0  0  0  0/0    13:46   0:00   2:12 
Dmitry Orlov             0  0  0  -1  2   3  3  1  0  0  0/0    23:55   2:44   3:34 
Eric Staal               0  0  0   0  0   0  0  0  0  0  14/20  14:36   0:00   2:55 
Evan Rodrigues           0  0  0   0  0   2  0  0  0  0  10/24  20:43   3:43   7:00 
Jake Evans               0  0  0   0  0   0  1  0  0  0  1/7     6:19   0:00   0:00 
Kailer Yamamoto          0  0  0   0  0   4  2  0  0  0  0/0    14:37   3:43   0:00 
Lars Eller               1  0  1   0  0   4  1  0  0  0  12/18  14:25   0:00   1:13 
Martin Fehervary         0  0  0   1  4   1  3  1  0  0  0/0    21:47   4:15   3:22 
Matt Benning             0  0  0   0  0   0  2  1  0  0  0/0    14:20   0:00   0:18 
Neal Pionk               0  1  1   1  0   1  2  2  0  0  0/0    24:04   4:15   4:49 
Ondrej Palat             0  0  0   0  0   0  2  0  0  0  1/1    12:55   3:43   0:00 
Ryan Pulock              0  0  0  -1  0   3  0  1  0  0  0/0    28:01   2:44   5:35 
Travis Boyd              0  0  0   0  0   1  1  0  0  0  0/0     6:19   0:00   0:00 
Zemgus Girgensons        0  0  0   0  0   1  0  2  0  0  0/0    14:09   0:00   6:26 

3 Stars

1 - Thatcher Demko (CLB)
2 - Matt Murray (TOR)
3 - Vince Dunn (TOR)

Power Play

TORONTO Maple Leafs - 0 on 5 Attempt(s) - 0,00%
COLUMBUS Blue Jackets - 0 on 4 Attempt(s) - 0,00%

Penalty Kill

TORONTO Maple Leafs - 4 on 4 Attempt(s) - 100,00% - Score 0 goal in Penalty Kill
COLUMBUS Blue Jackets - 5 on 5 Attempt(s) - 100,00% - Score 0 goal in Penalty Kill

Team Stat

TORONTO Maple Leafs - Hits : 20 - Faceoff Wins : 43 - Blocked Shots : 4 - Penalty Minutes : 10
COLUMBUS Blue Jackets - Hits : 26 - Faceoff Wins : 47 - Blocked Shots : 9 - Penalty Minutes : 12

Official

Referees : Kevin Pollock and Wes McCauley
Linesman : Kilian McNamara and Jonathan Deschamps

Game Notes

No Game Note

Finance

Level 1 -- Attendance: 5118 (84,60%) -- Ticket Income $506,682
Level 2 -- Attendance: 3870 (76,63%) -- Ticket Income $228,330
Level 3 -- Attendance: 1775 (85,54%) -- Ticket Income $65,675
Level 4 -- Attendance: 4103 (100,00%) -- Ticket Income $61,545
Luxury Box -- Attendance: 741 (73,58%) -- Ticket Income $154,128
Game was played at the Nationwide Arena.
Total Attendance: 15607 (85,35%)
Total Ticket Income: $1,016,360
Other Income: $254,090
Total Income: $1,270,450

TORONTO Maple Leafs

5 vs 5 Forward 
   Center                   Left Wing                Right Wing               Time % Phy DF OF 
 1 Tyler Seguin             Josh Bailey              Corey Perry              40     1   2  2  
 2 Sam Lafferty             Mark Jankowski           Colin White              30     1   2  2  
 3 Ryan Carpenter           Jonah Gadjovich          Simon Holmstrom          20     1   2  2  
 4 Kevin Stenlund           Janne Kuokkanen          Alexander Holtz          10     1   2  2  

5 vs 5 Defense 
   Defense                  Defense                                           Time % Phy DF OF 
 1 Vince Dunn               Shayne Gostisbehere                               40     1   2  2  
 2 Nick Leddy               John Marino                                       30     1   2  2  
 3 Alex Goligoski           Artem Zub                                         20     1   2  2  
 4 Vince Dunn               Shayne Gostisbehere                               10     1   2  2  

PowerPlay Forward 
   Center                   Left Wing                Right Wing               Time % Phy DF OF 
 1 Tyler Seguin             Josh Bailey              Corey Perry              60     1   2  2  
 2 Sam Lafferty             Mark Jankowski           Colin White              40     1   2  2  

PowerPlay Defense
   Defense                  Defense                                           Time % Phy DF OF 
 1 Vince Dunn               Shayne Gostisbehere                               60     1   2  2  
 2 Nick Leddy               John Marino                                       40     1   2  2  

Penalty Kill 4 Players Forward 
   Center                   Wing                     Time % Phy DF OF 
 1 Tyler Seguin             Corey Perry              60     1   2  2  
 2 Josh Bailey              Sam Lafferty             40     1   2  2  

Penalty Kill 4 Players Defense
   Defense                  Defense                  Time % Phy DF OF 
 1 Alex Goligoski           Shayne Gostisbehere      60     1   2  2  
 2 Nick Leddy               John Marino              40     1   2  2  

Penalty Kill - 3 Players Forward 
   Forward                                           Time % Phy DF OF 
 1 Tyler Seguin                                      60     1   2  2  
 2 Corey Perry                                       40     1   2  2  

Penalty Kill - 3 Players Defense
   Defense                  Defense                  Time % Phy DF OF 
 1 Vince Dunn               Shayne Gostisbehere      60     1   2  2  
 2 Nick Leddy               John Marino              40     1   2  2  

4 vs 4 Forward 
   Center                   Wing                     Time % Phy DF OF 
 1 Tyler Seguin             Corey Perry              60     1   2  2  
 2 Josh Bailey              Sam Lafferty             40     1   2  2  

4 vs 4 Defense
   Defense                  Defense                  Time % Phy DF OF 
 1 Artem Zub                Shayne Gostisbehere      60     1   2  2  
 2 Nick Leddy               John Marino              40     1   2  2  

Last Minutes Offensive
   Center                   Left Wing                Right Wing               Defense                  Defense                  
   Tyler Seguin             Josh Bailey              Corey Perry              Vince Dunn               Shayne Gostisbehere      

Last Minutes Defensive
   Center                   Left Wing                Right Wing               Defense                  Defense                  
   Tyler Seguin             Josh Bailey              Corey Perry              Vince Dunn               Shayne Gostisbehere      

Goaltenders
Starting : Matt Murray              
Backup : Alex Nedeljkovic         

Extra Forwards
Normal : Ryan Carpenter, Simon Holmstrom, Jonah Gadjovich - PP : Ryan Carpenter, Simon Holmstrom - PK : Jonah Gadjovich
Extra Defensemen
Normal : Alex Goligoski, Artem Zub, Vince Dunn - PP : Alex Goligoski - PK : Artem Zub, Vince Dunn
Penalty Shots
Tyler Seguin, Corey Perry, Josh Bailey, Sam Lafferty, Colin White

Scratches
Mark Friedman (Healthy), Dennis Gilbert (Healthy)

COLUMBUS Blue Jackets

5 vs 5 Forward 
   Center                   Left Wing                Right Wing               Time % Phy DF OF 
 1 Anthony Cirelli          Artturi Lehkonen         Blake Coleman            40     0   3  2  
 2 Lars Eller               Andre Burakovsky         Kailer Yamamoto          30     0   3  2  
 3 Eric Staal               Evan Rodrigues           Ondrej Palat             20     0   4  1  
 4 Jake Evans               Zemgus Girgensons        Travis Boyd              10     0   4  1  

5 vs 5 Defense 
   Defense                  Defense                                           Time % Phy DF OF 
 1 Dmitry Orlov             Ryan Pulock                                       40     0   3  2  
 2 Neal Pionk               Martin Fehervary                                  30     0   4  1  
 3 Matt Benning             Calvin de Haan                                    20     0   5  0  
 4 Dmitry Orlov             Ryan Pulock                                       10     1   3  1  

PowerPlay Forward 
   Center                   Left Wing                Right Wing               Time % Phy DF OF 
 1 Anthony Cirelli          Artturi Lehkonen         Blake Coleman            60     0   1  4  
 2 Evan Rodrigues           Ondrej Palat             Kailer Yamamoto          40     0   1  4  

PowerPlay Defense
   Defense                  Defense                                           Time % Phy DF OF 
 1 Dmitry Orlov             Ryan Pulock                                       60     0   1  4  
 2 Neal Pionk               Martin Fehervary                                  40     0   1  4  

Penalty Kill 4 Players Forward 
   Center                   Wing                     Time % Phy DF OF 
 1 Evan Rodrigues           Zemgus Girgensons        60     0   5  0  
 2 Eric Staal               Blake Coleman            40     0   5  0  

Penalty Kill 4 Players Defense
   Defense                  Defense                  Time % Phy DF OF 
 1 Dmitry Orlov             Ryan Pulock              60     0   5  0  
 2 Neal Pionk               Martin Fehervary         40     0   5  0  

Penalty Kill - 3 Players Forward 
   Forward                                           Time % Phy DF OF 
 1 Artturi Lehkonen                                  60     0   5  0  
 2 Anthony Cirelli                                   40     0   5  0  

Penalty Kill - 3 Players Defense
   Defense                  Defense                  Time % Phy DF OF 
 1 Dmitry Orlov             Ryan Pulock              60     0   5  0  
 2 Neal Pionk               Martin Fehervary         40     0   5  0  

4 vs 4 Forward 
   Center                   Wing                     Time % Phy DF OF 
 1 Lars Eller               Andre Burakovsky         60     0   3  2  
 2 Artturi Lehkonen         Evan Rodrigues           40     0   3  2  

4 vs 4 Defense
   Defense                  Defense                  Time % Phy DF OF 
 1 Dmitry Orlov             Ryan Pulock              60     0   4  1  
 2 Neal Pionk               Martin Fehervary         40     0   4  1  

Last Minutes Offensive
   Center                   Left Wing                Right Wing               Defense                  Defense                  
   Anthony Cirelli          Artturi Lehkonen         Blake Coleman            Dmitry Orlov             Ryan Pulock              

Last Minutes Defensive
   Center                   Left Wing                Right Wing               Defense                  Defense                  
   Anthony Cirelli          Artturi Lehkonen         Blake Coleman            Dmitry Orlov             Ryan Pulock              

Goaltenders
Starting : Thatcher Demko           
Backup : Mackenzie Blackwood      

Extra Forwards
Normal : Travis Boyd, Anthony Cirelli, Zemgus Girgensons - PP : Blake Coleman, Travis Boyd - PK : Lars Eller
Extra Defensemen
Normal : Matt Benning, Calvin de Haan, Neal Pionk - PP : Matt Benning - PK : Calvin de Haan, Neal Pionk
Penalty Shots
Artturi Lehkonen, Anthony Cirelli, Blake Coleman, Evan Rodrigues, Kailer Yamamoto

Scratches
Max Pacioretty (Healthy)

% Time on Ice - TORONTO Maple Leafs

Lines # - Real PCT - Wanted PCT - Time Play
Normal Forward
1 - 32% - 40% - 12:59
2 - 29% - 30% - 12:03
3 - 23% - 20% - 9:38
4 - 16% - 10% - 6:27
Normal Defense
1 - 38% - 40% - 15:35
2 - 34% - 30% - 13:57
3 - 27% - 20% - 10:57
4 - 2% - 10% - 0:38
PP Forward
1 - 52% - 60% - 5:09
2 - 48% - 40% - 4:46
PP Defense
1 - 56% - 60% - 5:33
2 - 44% - 40% - 4:22
PK Forward
1 - 74% - 60% - 5:09
2 - 26% - 40% - 1:50
PK Defense
1 - 54% - 60% - 3:47
2 - 46% - 40% - 3:12
PK3 Forward
1 - 100% - 60% - 0:57
2 - 0% - 40% - 0:00
PK3 Defense
1 - 72% - 60% - 0:41
2 - 28% - 40% - 0:16
44 Forward
1 - 87% - 60% - 1:43
2 - 13% - 40% - 0:16
44 Defense
1 - 54% - 60% - 1:04
2 - 46% - 40% - 0:55
Last Minute Offensive  - 0:00
Last Minute Defensive  - 0:00
Total
Forward - 60:57
Defense - 60:57

% Time on Ice - COLUMBUS Blue Jackets

Lines # - Real PCT - Wanted PCT - Time Play
Normal Forward
1 - 36% - 40% - 14:42
2 - 27% - 30% - 10:54
3 - 22% - 20% - 9:12
4 - 15% - 10% - 6:19
Normal Defense
1 - 35% - 40% - 14:30
2 - 34% - 30% - 14:06
3 - 28% - 20% - 11:25
4 - 3% - 10% - 1:06
PP Forward
1 - 47% - 60% - 3:16
2 - 53% - 40% - 3:43
PP Defense
1 - 39% - 60% - 2:44
2 - 61% - 40% - 4:15
PK Forward
1 - 71% - 60% - 7:00
2 - 29% - 40% - 2:55
PK Defense
1 - 49% - 60% - 4:54
2 - 51% - 40% - 5:01
PK3 Forward
1 - 0% - 60%
2 - 0% - 40%
PK3 Defense
1 - 0% - 60%
2 - 0% - 40%
44 Forward
1 - 78% - 60% - 2:18
2 - 22% - 40% - 0:38
44 Defense
1 - 69% - 60% - 2:02
2 - 31% - 40% - 0:54
Last Minute Offensive  - 0:00
Last Minute Defensive  - 0:00
Total
Forward - 60:57
Defense - 60:57

Play-by-Play

1st period


0:01 of 1st period - Anthony Cirelli wins face-off versus Tyler Seguin in neutral zone.
0:33 of 1st period - Shot by Tyler Seguin.
0:33 of 1st period - Stopped by Thatcher Demko without a rebound.
0:34 of 1st period - Lars Eller wins face-off versus Sam Lafferty in COLUMBUS Blue Jackets zone.
0:36 of 1st period - Andre Burakovsky is hit by Sam Lafferty and loses puck.
0:41 of 1st period - Shot by Neal Pionk.
0:41 of 1st period - Shot Misses the Net.
0:43 of 1st period - Shot by Andre Burakovsky.
0:43 of 1st period - Shot Misses the Net.
0:45 of 1st period - Shot by Lars Eller.
0:45 of 1st period - Stopped by Matt Murray with a rebound.
0:49 of 1st period - Shot by Lars Eller.
0:49 of 1st period - Goal by Lars Eller - TORONTO Maple Leafs : 0 - COLUMBUS Blue Jackets : 1.
0:50 of 1st period - Eric Staal wins face-off versus Ryan Carpenter in neutral zone.
0:50 of 1st period - Calvin de Haan is hit by Jonah Gadjovich and loses puck.
0:54 of 1st period - Minor Penalty to Artem Zub for High sticking.
0:55 of 1st period - Tyler Seguin wins face-off versus Anthony Cirelli in TORONTO Maple Leafs zone.
1:01 of 1st period - Icing by Anthony Cirelli.
1:02 of 1st period - Tyler Seguin wins face-off versus Anthony Cirelli in COLUMBUS Blue Jackets zone.
2:46 of 1st period - Shot by Martin Fehervary.
2:46 of 1st period - Shot Misses the Net.
3:14 of 1st period - Shot by Shayne Gostisbehere.
3:14 of 1st period - Stopped by Thatcher Demko without a rebound.
3:15 of 1st period - Lars Eller wins face-off versus Kevin Stenlund in COLUMBUS Blue Jackets zone.
3:32 of 1st period - Shot by Kailer Yamamoto.
3:32 of 1st period - Stopped by Matt Murray with a rebound.
3:36 of 1st period - Shot by Kailer Yamamoto.
3:36 of 1st period - Shot Misses the Net.
3:38 of 1st period - Shot by Lars Eller.
3:38 of 1st period - Stopped by Matt Murray with a rebound.
3:40 of 1st period - Shot by Kailer Yamamoto.
3:40 of 1st period - Shot Misses the Net.
3:42 of 1st period - Shot by Kailer Yamamoto.
3:42 of 1st period - Stopped by Matt Murray without a rebound.
3:43 of 1st period - Ryan Carpenter wins face-off versus Anthony Cirelli in TORONTO Maple Leafs zone.
3:43 of 1st period - Jonah Gadjovich is hit by Blake Coleman and loses puck.
4:29 of 1st period - Off-side.
4:30 of 1st period - Eric Staal wins face-off versus Tyler Seguin in neutral zone.
4:42 of 1st period - Tyler Seguin is hit by Neal Pionk and loses puck.
5:10 of 1st period - Corey Perry is hit by Martin Fehervary and loses puck.
5:39 of 1st period - Icing by Sam Lafferty.
5:40 of 1st period - Sam Lafferty wins face-off versus Anthony Cirelli in TORONTO Maple Leafs zone.
5:40 of 1st period - Alex Goligoski is hit by Anthony Cirelli and loses puck.
5:59 of 1st period - Icing by Anthony Cirelli.
6:00 of 1st period - Anthony Cirelli wins face-off versus Kevin Stenlund in COLUMBUS Blue Jackets zone.
6:00 of 1st period - Ryan Pulock is hit by Alexander Holtz and loses puck.
6:24 of 1st period - Icing by Alexander Holtz.
6:25 of 1st period - Lars Eller wins face-off versus Kevin Stenlund in TORONTO Maple Leafs zone.
6:25 of 1st period - Martin Fehervary is hit by Shayne Gostisbehere and loses puck.
6:48 of 1st period - Shot by Andre Burakovsky.
6:48 of 1st period - Shot Blocked by Vince Dunn.
6:54 of 1st period - Shot by Andre Burakovsky.
6:54 of 1st period - Stopped by Matt Murray without a rebound.
6:55 of 1st period - Jake Evans wins face-off versus Tyler Seguin in TORONTO Maple Leafs zone.
6:58 of 1st period - Shot by Dmitry Orlov.
6:58 of 1st period - Shot Misses the Net.
8:18 of 1st period - Minor Penalty to Martin Fehervary for Cross-checking.
8:19 of 1st period - Sam Lafferty wins face-off versus Evan Rodrigues in COLUMBUS Blue Jackets zone.
8:24 of 1st period - Shot by Sam Lafferty.
8:24 of 1st period - Stopped by Thatcher Demko with a rebound.
8:26 of 1st period - Shot by Shayne Gostisbehere.
8:26 of 1st period - Stopped by Thatcher Demko with a rebound.
9:20 of 1st period - Shot by Corey Perry.
9:20 of 1st period - Shot Misses the Net.
9:22 of 1st period - Shot by Nick Leddy.
9:22 of 1st period - Shot Misses the Net.
9:24 of 1st period - Shot by Tyler Seguin.
9:24 of 1st period - Stopped by Thatcher Demko without a rebound.
9:25 of 1st period - Eric Staal wins face-off versus Sam Lafferty in COLUMBUS Blue Jackets zone.
9:42 of 1st period - Shot by Shayne Gostisbehere.
9:42 of 1st period - Shot Misses the Net.
9:44 of 1st period - Shot by Vince Dunn.
9:44 of 1st period - Shot Misses the Net.
9:46 of 1st period - Shot by Mark Jankowski.
9:46 of 1st period - Shot Blocked by Zemgus Girgensons.
9:48 of 1st period - Shot by Shayne Gostisbehere.
9:48 of 1st period - Stopped by Thatcher Demko without a rebound.
9:49 of 1st period - Tyler Seguin wins face-off versus Eric Staal in COLUMBUS Blue Jackets zone.
10:22 of 1st period - Shot by Ryan Carpenter.
10:22 of 1st period - Stopped by Thatcher Demko without a rebound.
10:23 of 1st period - Ryan Carpenter wins face-off versus Lars Eller in COLUMBUS Blue Jackets zone.
10:28 of 1st period - Shot by Jonah Gadjovich.
10:28 of 1st period - Stopped by Thatcher Demko without a rebound.
10:29 of 1st period - Lars Eller wins face-off versus Ryan Carpenter in COLUMBUS Blue Jackets zone.
10:48 of 1st period - Shot by Kailer Yamamoto.
10:48 of 1st period - Stopped by Matt Murray without a rebound.
10:49 of 1st period - Sam Lafferty wins face-off versus Anthony Cirelli in TORONTO Maple Leafs zone.
10:51 of 1st period - Icing by John Marino.
10:52 of 1st period - Anthony Cirelli wins face-off versus Sam Lafferty in TORONTO Maple Leafs zone.
10:58 of 1st period - Minor Penalty to Blake Coleman for Hooking.
10:59 of 1st period - Evan Rodrigues wins face-off versus Tyler Seguin in COLUMBUS Blue Jackets zone.
11:25 of 1st period - Shot by Tyler Seguin.
11:25 of 1st period - Stopped by Thatcher Demko without a rebound.
11:26 of 1st period - Evan Rodrigues wins face-off versus Sam Lafferty in COLUMBUS Blue Jackets zone.
11:26 of 1st period - Evan Rodrigues is hit by Sam Lafferty.
12:08 of 1st period - Shot by John Marino.
12:08 of 1st period - Stopped by Thatcher Demko without a rebound.
12:09 of 1st period - Tyler Seguin wins face-off versus Evan Rodrigues in COLUMBUS Blue Jackets zone.
12:23 of 1st period - Ryan Pulock is hit by Tyler Seguin and loses puck.
12:30 of 1st period - Shot by Shayne Gostisbehere.
12:30 of 1st period - Deflect By Josh Bailey.
12:30 of 1st period - Stopped by Thatcher Demko without a rebound.
12:31 of 1st period - Tyler Seguin wins face-off versus Eric Staal in COLUMBUS Blue Jackets zone.
12:50 of 1st period - Shot by Shayne Gostisbehere.
12:50 of 1st period - Stopped by Thatcher Demko without a rebound.
12:51 of 1st period - Sam Lafferty wins face-off versus Evan Rodrigues in COLUMBUS Blue Jackets zone.
12:56 of 1st period - Shot by Sam Lafferty.
12:56 of 1st period - Stopped by Thatcher Demko without a rebound.
12:57 of 1st period - Sam Lafferty wins face-off versus Evan Rodrigues in COLUMBUS Blue Jackets zone.
13:04 of 1st period - Shot by Nick Leddy.
13:04 of 1st period - Shot Misses the Net.
13:08 of 1st period - Shot by Nick Leddy.
13:08 of 1st period - Shot Blocked by Martin Fehervary.
13:50 of 1st period - Tyler Seguin is hit by Blake Coleman and loses puck.
14:11 of 1st period - Shot by Vince Dunn.
14:11 of 1st period - Shot Misses the Net.
15:52 of 1st period - Icing by John Marino.
15:53 of 1st period - Eric Staal wins face-off versus Kevin Stenlund in TORONTO Maple Leafs zone.
16:17 of 1st period - Nick Leddy is hit by Calvin de Haan and loses puck.
16:33 of 1st period - Icing by Shayne Gostisbehere.
16:34 of 1st period - Andre Burakovsky wins face-off versus Tyler Seguin in TORONTO Maple Leafs zone.
16:47 of 1st period - Shot by Ryan Pulock.
16:47 of 1st period - Stopped by Matt Murray without a rebound.
16:48 of 1st period - Sam Lafferty wins face-off versus Jake Evans in TORONTO Maple Leafs zone.
17:05 of 1st period - Shot by Travis Boyd.
17:05 of 1st period - Stopped by Matt Murray without a rebound.
17:06 of 1st period - Lars Eller wins face-off versus Tyler Seguin in TORONTO Maple Leafs zone.
17:43 of 1st period - Shot by Matt Benning.
17:43 of 1st period - Shot Blocked by Vince Dunn.
17:49 of 1st period - Shot by Lars Eller.
17:49 of 1st period - Shot Misses the Net.
18:19 of 1st period - Icing by Sam Lafferty.
18:20 of 1st period - Sam Lafferty wins face-off versus Jake Evans in TORONTO Maple Leafs zone.
18:20 of 1st period - Sam Lafferty is hit by Jake Evans.
18:47 of 1st period - Shot by Travis Boyd.
18:47 of 1st period - Shot Misses the Net.
18:49 of 1st period - Shot by Ryan Pulock.
18:49 of 1st period - Stopped by Matt Murray without a rebound.
18:50 of 1st period - Ryan Carpenter wins face-off versus Eric Staal in TORONTO Maple Leafs zone.
19:41 of 1st period - Shot by Josh Bailey.
19:41 of 1st period - Stopped by Thatcher Demko without a rebound.
19:42 of 1st period - Tyler Seguin wins face-off versus Anthony Cirelli in COLUMBUS Blue Jackets zone.
19:53 of 1st period - Shot by Artturi Lehkonen.
19:53 of 1st period - Shot Misses the Net.
Goals for this period are 0 for TORONTO Maple Leafs vs 1 for COLUMBUS Blue Jackets.
Shots for this period are 14 for TORONTO Maple Leafs vs 10 for COLUMBUS Blue Jackets.

2nd period


0:01 of 2nd period - Tyler Seguin wins face-off versus Lars Eller in neutral zone.
0:14 of 2nd period - Shot by Josh Bailey.
0:14 of 2nd period - Shot Misses the Net.
0:30 of 2nd period - Shot by Corey Perry.
0:30 of 2nd period - Stopped by Thatcher Demko with a rebound.
0:32 of 2nd period - Shot by Josh Bailey.
0:32 of 2nd period - Shot Hit the Post.
0:36 of 2nd period - Shot by Corey Perry.
0:36 of 2nd period - Shot Blocked by Ryan Pulock.
0:38 of 2nd period - Shot by Josh Bailey.
0:38 of 2nd period - Stopped by Thatcher Demko without a rebound.
0:39 of 2nd period - Anthony Cirelli wins face-off versus Sam Lafferty in COLUMBUS Blue Jackets zone.
0:52 of 2nd period - Shot by Blake Coleman.
0:52 of 2nd period - Stopped by Matt Murray without a rebound.
0:53 of 2nd period - Ryan Carpenter wins face-off versus Eric Staal in TORONTO Maple Leafs zone.
0:53 of 2nd period - Ryan Carpenter is hit by Ondrej Palat.
1:21 of 2nd period - Shot by Ryan Carpenter.
1:21 of 2nd period - Shot Blocked by Neal Pionk.
2:58 of 2nd period - Nick Leddy is hit by Kailer Yamamoto and loses puck.
3:40 of 2nd period - Off-side.
3:41 of 2nd period - Ondrej Palat wins face-off versus Ryan Carpenter in neutral zone.
3:55 of 2nd period - Evan Rodrigues is hit by Shayne Gostisbehere.
4:18 of 2nd period - Icing by Eric Staal.
4:19 of 2nd period - Eric Staal wins face-off versus Tyler Seguin in COLUMBUS Blue Jackets zone.
4:21 of 2nd period - Icing by Neal Pionk.
4:22 of 2nd period - Eric Staal wins face-off versus Tyler Seguin in COLUMBUS Blue Jackets zone.
4:27 of 2nd period - Tyler Seguin is hit by Ondrej Palat and loses puck.
6:31 of 2nd period - Icing by Alex Goligoski.
6:32 of 2nd period - Lars Eller wins face-off versus Ryan Carpenter in TORONTO Maple Leafs zone.
6:32 of 2nd period - Kailer Yamamoto is hit by Artem Zub and loses puck.
6:40 of 2nd period - Kailer Yamamoto is hit by Alex Goligoski and loses puck.
6:42 of 2nd period - Minor Penalty to Artem Zub for Cross-checking.
6:43 of 2nd period - Evan Rodrigues wins face-off versus Tyler Seguin in TORONTO Maple Leafs zone.
6:43 of 2nd period - Evan Rodrigues is hit by John Marino.
6:52 of 2nd period - Evan Rodrigues is hit by Nick Leddy.
7:12 of 2nd period - Shot by Neal Pionk.
7:12 of 2nd period - Stopped by Matt Murray without a rebound.
7:13 of 2nd period - Evan Rodrigues wins face-off versus Tyler Seguin in TORONTO Maple Leafs zone.
7:32 of 2nd period - Shot by Martin Fehervary.
7:32 of 2nd period - Stopped by Matt Murray with a rebound.
8:04 of 2nd period - Shot by Artturi Lehkonen.
8:04 of 2nd period - Stopped by Matt Murray with a rebound.
9:02 of 2nd period - Icing by Alex Goligoski.
9:03 of 2nd period - Lars Eller wins face-off versus Kevin Stenlund in TORONTO Maple Leafs zone.
9:09 of 2nd period - Artem Zub is hit by Matt Benning and loses puck.
9:12 of 2nd period - Shot by Kevin Stenlund.
9:12 of 2nd period - Deflect By Janne Kuokkanen.
9:12 of 2nd period - Stopped by Thatcher Demko without a rebound.
9:13 of 2nd period - Sam Lafferty wins face-off versus Jake Evans in COLUMBUS Blue Jackets zone.
9:40 of 2nd period - Icing by Neal Pionk.
9:41 of 2nd period - Tyler Seguin wins face-off versus Jake Evans in COLUMBUS Blue Jackets zone.
10:22 of 2nd period - Minor Penalty to Dmitry Orlov for High sticking.
10:23 of 2nd period - Mark Jankowski wins face-off versus Evan Rodrigues in COLUMBUS Blue Jackets zone.
10:54 of 2nd period - Shot by John Marino.
10:54 of 2nd period - Stopped by Thatcher Demko without a rebound.
10:55 of 2nd period - Tyler Seguin wins face-off versus Evan Rodrigues in COLUMBUS Blue Jackets zone.
10:58 of 2nd period - Shot by Corey Perry.
10:58 of 2nd period - Stopped by Thatcher Demko without a rebound.
10:59 of 2nd period - Tyler Seguin wins face-off versus Evan Rodrigues in COLUMBUS Blue Jackets zone.
11:04 of 2nd period - Shot by Shayne Gostisbehere.
11:04 of 2nd period - Stopped by Thatcher Demko without a rebound.
11:05 of 2nd period - Tyler Seguin wins face-off versus Evan Rodrigues in COLUMBUS Blue Jackets zone.
11:08 of 2nd period - Shot by Shayne Gostisbehere.
11:08 of 2nd period - Stopped by Thatcher Demko without a rebound.
11:09 of 2nd period - Tyler Seguin wins face-off versus Evan Rodrigues in COLUMBUS Blue Jackets zone.
11:34 of 2nd period - Shot by Shayne Gostisbehere.
11:34 of 2nd period - Stopped by Thatcher Demko without a rebound.
11:35 of 2nd period - Evan Rodrigues wins face-off versus Sam Lafferty in COLUMBUS Blue Jackets zone.
12:24 of 2nd period - Shot by Nick Leddy.
12:24 of 2nd period - Deflect By Corey Perry.
12:24 of 2nd period - Stopped by Thatcher Demko with a rebound.
12:26 of 2nd period - Shot by Vince Dunn.
12:26 of 2nd period - Goal by Vince Dunn - TORONTO Maple Leafs : 1 - COLUMBUS Blue Jackets : 1.
12:27 of 2nd period - Lars Eller wins face-off versus Tyler Seguin in neutral zone.
12:44 of 2nd period - Shot by Andre Burakovsky.
12:44 of 2nd period - Shot Misses the Net.
13:10 of 2nd period - Shot by Andre Burakovsky.
13:10 of 2nd period - Stopped by Matt Murray without a rebound.
13:11 of 2nd period - Ryan Carpenter wins face-off versus Anthony Cirelli in TORONTO Maple Leafs zone.
13:47 of 2nd period - Icing by Artem Zub.
13:48 of 2nd period - Eric Staal wins face-off versus Ryan Carpenter in TORONTO Maple Leafs zone.
14:16 of 2nd period - Icing by Martin Fehervary.
14:17 of 2nd period - Eric Staal wins face-off versus Tyler Seguin in COLUMBUS Blue Jackets zone.
15:13 of 2nd period - Shot by Anthony Cirelli.
15:13 of 2nd period - Stopped by Matt Murray with a rebound.
15:17 of 2nd period - Shot by Blake Coleman.
15:17 of 2nd period - Stopped by Matt Murray without a rebound.
15:18 of 2nd period - Sam Lafferty wins face-off versus Lars Eller in TORONTO Maple Leafs zone.
15:41 of 2nd period - Shot by Sam Lafferty.
15:41 of 2nd period - Stopped by Thatcher Demko without a rebound.
15:42 of 2nd period - Anthony Cirelli wins face-off versus Ryan Carpenter in COLUMBUS Blue Jackets zone.
15:42 of 2nd period - Anthony Cirelli is hit by Jonah Gadjovich.
15:48 of 2nd period - Artem Zub is hit by Blake Coleman and loses puck.
15:49 of 2nd period - Minor Penalty to Artturi Lehkonen for Roughing.
15:50 of 2nd period - Sam Lafferty wins face-off versus Evan Rodrigues in COLUMBUS Blue Jackets zone.
15:50 of 2nd period - Shayne Gostisbehere is hit by Dmitry Orlov and loses puck.
15:53 of 2nd period - Shot by Shayne Gostisbehere.
15:53 of 2nd period - Shot Misses the Net.
15:55 of 2nd period - Shot by Shayne Gostisbehere.
15:55 of 2nd period - Shot Blocked by Dmitry Orlov.
15:57 of 2nd period - Shot by Colin White.
15:57 of 2nd period - Stopped by Thatcher Demko without a rebound.
15:58 of 2nd period - Evan Rodrigues wins face-off versus Sam Lafferty in COLUMBUS Blue Jackets zone.
15:58 of 2nd period - Evan Rodrigues is hit by Colin White.
16:18 of 2nd period - Shot by Shayne Gostisbehere.
16:18 of 2nd period - Shot Blocked by Neal Pionk.
16:36 of 2nd period - Shot by Vince Dunn.
16:36 of 2nd period - Stopped by Thatcher Demko without a rebound.
16:37 of 2nd period - Evan Rodrigues wins face-off versus Tyler Seguin in COLUMBUS Blue Jackets zone.
16:58 of 2nd period - Shot by Tyler Seguin.
16:58 of 2nd period - Stopped by Thatcher Demko without a rebound.
16:59 of 2nd period - Evan Rodrigues wins face-off versus Tyler Seguin in COLUMBUS Blue Jackets zone.
16:59 of 2nd period - Evan Rodrigues is hit by Corey Perry.
17:41 of 2nd period - Shot by Evan Rodrigues.
17:41 of 2nd period - Shot Blocked by John Marino.
18:04 of 2nd period - Alex Goligoski is hit by Artturi Lehkonen and loses puck.
18:09 of 2nd period - Shot by Alex Goligoski.
18:09 of 2nd period - Shot Misses the Net.
18:11 of 2nd period - Shot by Ryan Carpenter.
18:11 of 2nd period - Shot Misses the Net.
18:13 of 2nd period - Shot by Jonah Gadjovich.
18:13 of 2nd period - Stopped by Thatcher Demko without a rebound.
18:13 of 2nd period - Minor Penalty to Calvin de Haan for Tripping.
18:14 of 2nd period - Sam Lafferty wins face-off versus Eric Staal in COLUMBUS Blue Jackets zone.
18:33 of 2nd period - Shot by Colin White.
18:33 of 2nd period - Shot Misses the Net.
18:51 of 2nd period - Shot by Sam Lafferty.
18:51 of 2nd period - Stopped by Thatcher Demko without a rebound.
18:52 of 2nd period - Tyler Seguin wins face-off versus Evan Rodrigues in COLUMBUS Blue Jackets zone.
19:13 of 2nd period - Shot by Corey Perry.
19:13 of 2nd period - Stopped by Thatcher Demko without a rebound.
19:14 of 2nd period - Evan Rodrigues wins face-off versus Tyler Seguin in COLUMBUS Blue Jackets zone.
19:14 of 2nd period - Evan Rodrigues is hit by Corey Perry.
19:29 of 2nd period - Icing by Vince Dunn.
19:30 of 2nd period - Evan Rodrigues wins face-off versus Tyler Seguin in TORONTO Maple Leafs zone.
19:56 of 2nd period - Tyler Seguin is hit by Neal Pionk and loses puck.
Goals for this period are 1 for TORONTO Maple Leafs vs 0 for COLUMBUS Blue Jackets.
Shots for this period are 17 for TORONTO Maple Leafs vs 7 for COLUMBUS Blue Jackets.

3rd period


0:01 of 3rd period - Tyler Seguin wins face-off versus Evan Rodrigues in neutral zone.
0:15 of 3rd period - Shot by Colin White.
0:15 of 3rd period - Shot Misses the Net.
0:17 of 3rd period - Shot by Nick Leddy.
0:17 of 3rd period - Shot Misses the Net.
0:27 of 3rd period - Shot by Sam Lafferty.
0:27 of 3rd period - Deflect By Colin White.
0:27 of 3rd period - Shot Blocked by Anthony Cirelli.
1:12 of 3rd period - Vince Dunn is hit by Lars Eller and loses puck.
1:32 of 3rd period - Tyler Seguin is hit by Dmitry Orlov.
1:50 of 3rd period - Shayne Gostisbehere is hit by Kailer Yamamoto and loses puck.
2:00 of 3rd period - Andre Burakovsky is hit by Vince Dunn and loses puck.
2:08 of 3rd period - Vince Dunn is hit by Dmitry Orlov and loses puck.
2:25 of 3rd period - Off-side.
2:26 of 3rd period - Eric Staal wins face-off versus Sam Lafferty in neutral zone.
3:25 of 3rd period - Shot by Anthony Cirelli.
3:25 of 3rd period - Stopped by Matt Murray without a rebound.
3:26 of 3rd period - Ryan Carpenter wins face-off versus Jake Evans in TORONTO Maple Leafs zone.
3:36 of 3rd period - Simon Holmstrom is hit by Martin Fehervary and loses puck.
3:44 of 3rd period - Minor Penalty to Martin Fehervary for Holding.
3:44 of 3rd period - Minor Penalty to Jonah Gadjovich for Interference.
3:45 of 3rd period - Tyler Seguin wins face-off versus Lars Eller in COLUMBUS Blue Jackets zone.
3:58 of 3rd period - Shot by Dmitry Orlov.
3:58 of 3rd period - Shot Misses the Net.
4:48 of 3rd period - Shot by Artturi Lehkonen.
4:48 of 3rd period - Stopped by Matt Murray without a rebound.
4:49 of 3rd period - Lars Eller wins face-off versus Josh Bailey in TORONTO Maple Leafs zone.
5:04 of 3rd period - Shot by Lars Eller.
5:04 of 3rd period - Stopped by Matt Murray without a rebound.
5:05 of 3rd period - Lars Eller wins face-off versus Tyler Seguin in TORONTO Maple Leafs zone.
5:54 of 3rd period - Icing by Zemgus Girgensons.
5:55 of 3rd period - Kevin Stenlund wins face-off versus Jake Evans in COLUMBUS Blue Jackets zone.
6:04 of 3rd period - Shot by Travis Boyd.
6:04 of 3rd period - Shot Misses the Net.
6:06 of 3rd period - Shot by Zemgus Girgensons.
6:06 of 3rd period - Stopped by Matt Murray without a rebound.
6:07 of 3rd period - Anthony Cirelli wins face-off versus Sam Lafferty in TORONTO Maple Leafs zone.
6:07 of 3rd period - Anthony Cirelli is hit by Vince Dunn.
6:13 of 3rd period - Shot by Anthony Cirelli.
6:13 of 3rd period - Shot Misses the Net.
6:18 of 3rd period - Vince Dunn is hit by Anthony Cirelli and loses puck.
7:17 of 3rd period - Shot by Jonah Gadjovich.
7:17 of 3rd period - Shot Misses the Net.
7:22 of 3rd period - Evan Rodrigues is hit by Jonah Gadjovich and loses puck.
7:29 of 3rd period - Shot by Dmitry Orlov.
7:29 of 3rd period - Stopped by Matt Murray with a rebound.
7:31 of 3rd period - Shot by Dmitry Orlov.
7:31 of 3rd period - Stopped by Matt Murray with a rebound.
7:33 of 3rd period - Shot by Ondrej Palat.
7:33 of 3rd period - Shot Misses the Net.
7:36 of 3rd period - Minor Penalty to Nick Leddy for Roughing.
7:37 of 3rd period - Tyler Seguin wins face-off versus Evan Rodrigues in TORONTO Maple Leafs zone.
7:46 of 3rd period - Shot by Kailer Yamamoto.
7:46 of 3rd period - Stopped by Matt Murray with a rebound.
8:19 of 3rd period - Icing by Martin Fehervary.
8:20 of 3rd period - Tyler Seguin wins face-off versus Evan Rodrigues in COLUMBUS Blue Jackets zone.
9:13 of 3rd period - Shot by Dmitry Orlov.
9:13 of 3rd period - Stopped by Matt Murray with a rebound.
10:48 of 3rd period - Mark Jankowski is hit by Travis Boyd and loses puck.
10:56 of 3rd period - Icing by Shayne Gostisbehere.
10:57 of 3rd period - Anthony Cirelli wins face-off versus Sam Lafferty in TORONTO Maple Leafs zone.
11:08 of 3rd period - Shot by Dmitry Orlov.
11:08 of 3rd period - Shot Blocked by Mark Jankowski.
11:10 of 3rd period - Shot by Blake Coleman.
11:10 of 3rd period - Shot Misses the Net.
11:31 of 3rd period - Ryan Pulock is hit by Corey Perry.
11:52 of 3rd period - Josh Bailey is hit by Martin Fehervary and loses puck.
12:03 of 3rd period - Shot by Tyler Seguin.
12:03 of 3rd period - Shot Misses the Net.
12:05 of 3rd period - Shot by Tyler Seguin.
12:05 of 3rd period - Shot Misses the Net.
12:45 of 3rd period - Shot by Ryan Carpenter.
12:45 of 3rd period - Deflect By Jonah Gadjovich.
12:45 of 3rd period - Shot Misses the Net.
12:59 of 3rd period - Shot by Evan Rodrigues.
12:59 of 3rd period - Stopped by Matt Murray with a rebound.
13:01 of 3rd period - Shot by Ryan Pulock.
13:01 of 3rd period - Stopped by Matt Murray with a rebound.
13:03 of 3rd period - Shot by Ondrej Palat.
13:03 of 3rd period - Shot Misses the Net.
14:06 of 3rd period - Icing by Shayne Gostisbehere.
14:07 of 3rd period - Sam Lafferty wins face-off versus Anthony Cirelli in TORONTO Maple Leafs zone.
14:07 of 3rd period - Sam Lafferty is hit by Blake Coleman.
14:24 of 3rd period - Icing by Martin Fehervary.
14:25 of 3rd period - Tyler Seguin wins face-off versus Anthony Cirelli in COLUMBUS Blue Jackets zone.
14:41 of 3rd period - Icing by Neal Pionk.
14:42 of 3rd period - Anthony Cirelli wins face-off versus Janne Kuokkanen in COLUMBUS Blue Jackets zone.
14:56 of 3rd period - Icing by Nick Leddy.
14:57 of 3rd period - Kevin Stenlund wins face-off versus Lars Eller in TORONTO Maple Leafs zone.
15:54 of 3rd period - Lars Eller is hit by Tyler Seguin and loses puck.
16:27 of 3rd period - Shot by Josh Bailey.
16:27 of 3rd period - Deflect By Tyler Seguin.
16:27 of 3rd period - Stopped by Thatcher Demko without a rebound.
16:28 of 3rd period - Eric Staal wins face-off versus Sam Lafferty in COLUMBUS Blue Jackets zone.
16:52 of 3rd period - Mark Jankowski is hit by Matt Benning and loses puck.
17:45 of 3rd period - Shot by Anthony Cirelli.
17:45 of 3rd period - Deflect By Artturi Lehkonen.
17:45 of 3rd period - Stopped by Matt Murray without a rebound.
17:46 of 3rd period - Lars Eller wins face-off versus Tyler Seguin in TORONTO Maple Leafs zone.
17:56 of 3rd period - Icing by Dmitry Orlov.
17:57 of 3rd period - Kevin Stenlund wins face-off versus Lars Eller in COLUMBUS Blue Jackets zone.
18:57 of 3rd period - Minor Penalty to John Marino for Tripping.
18:58 of 3rd period - Tyler Seguin wins face-off versus Anthony Cirelli in TORONTO Maple Leafs zone.
19:34 of 3rd period - Shot by Anthony Cirelli.
19:34 of 3rd period - Shot Misses the Net.
19:56 of 3rd period - Shot by Ondrej Palat.
19:56 of 3rd period - Deflect By Kailer Yamamoto.
19:56 of 3rd period - Shot Misses the Net.
19:58 of 3rd period - Shot by Ryan Pulock.
19:58 of 3rd period - Shot Misses the Net.
Goals for this period are 0 for TORONTO Maple Leafs vs 0 for COLUMBUS Blue Jackets.
Shots for this period are 1 for TORONTO Maple Leafs vs 11 for COLUMBUS Blue Jackets.

Overtime #1


0:01 of 1st overtime period - Lars Eller wins face-off versus Tyler Seguin in neutral zone.
1:12 of 1st overtime period - Shot by Colin White.
1:12 of 1st overtime period - Stopped by Thatcher Demko without a rebound.
1:13 of 1st overtime period - Eric Staal wins face-off versus Mark Jankowski in COLUMBUS Blue Jackets zone.
1:22 of 1st overtime period - Off-side.
1:23 of 1st overtime period - Eric Staal wins face-off versus Mark Jankowski in neutral zone.
1:52 of 1st overtime period - Shot by Artturi Lehkonen.
1:52 of 1st overtime period - Stopped by Matt Murray without a rebound.
1:53 of 1st overtime period - Mark Jankowski wins face-off versus Eric Staal in TORONTO Maple Leafs zone.
1:53 of 1st overtime period - Mark Jankowski is hit by Artturi Lehkonen.
1:59 of 1st overtime period - Shot by Alex Goligoski.
1:59 of 1st overtime period - Shot Blocked by Matt Benning.
2:01 of 1st overtime period - Shot by Mark Jankowski.
2:01 of 1st overtime period - Stopped by Thatcher Demko without a rebound.
2:02 of 1st overtime period - Eric Staal wins face-off versus Mark Jankowski in COLUMBUS Blue Jackets zone.
2:57 of 1st overtime period - Shot by Alex Goligoski.
2:57 of 1st overtime period - Shot Blocked by Zemgus Girgensons.
3:41 of 1st overtime period - Shot by Evan Rodrigues.
3:41 of 1st overtime period - Stopped by Matt Murray without a rebound.
3:42 of 1st overtime period - Eric Staal wins face-off versus Mark Jankowski in TORONTO Maple Leafs zone.
4:26 of 1st overtime period - Icing by Alex Goligoski.
4:27 of 1st overtime period - Tyler Seguin wins face-off versus Anthony Cirelli in TORONTO Maple Leafs zone.
Goals for this period are 0 for TORONTO Maple Leafs vs 0 for COLUMBUS Blue Jackets.
Shots for this period are 2 for TORONTO Maple Leafs vs 2 for COLUMBUS Blue Jackets.

ShootOut


5:00 of 1st overtime period - Round #1.
5:00 of 1st overtime period - TORONTO Maple Leafs, Tyler Seguin.
5:00 of 1st overtime period - Stopped by Thatcher Demko.
5:00 of 1st overtime period - COLUMBUS Blue Jackets, Artturi Lehkonen.
5:00 of 1st overtime period - Stopped by Matt Murray.
5:00 of 1st overtime period - Round #2.
5:00 of 1st overtime period - TORONTO Maple Leafs, Corey Perry.
5:00 of 1st overtime period - Shot Misses the Net.
5:00 of 1st overtime period - COLUMBUS Blue Jackets, Anthony Cirelli.
5:00 of 1st overtime period - Stopped by Matt Murray.
5:00 of 1st overtime period - Round #3.
5:00 of 1st overtime period - TORONTO Maple Leafs, Josh Bailey.
5:00 of 1st overtime period - Stopped by Thatcher Demko.
5:00 of 1st overtime period - COLUMBUS Blue Jackets, Blake Coleman.
5:00 of 1st overtime period - Goal by Blake Coleman. Output by the SimonT Hockey Simulator (STHS) for Martin Benoit - Original Page W3C HTML5 Valid
Hockey Simulator - Hockey Simulation - Hockey Manager